 Dungeon Crawl Stone Soup version 0.26.1-11-gd32895ea62 (webtiles) character file.

Game seed: 13833679545739119048

53 kodamatunes15 the Firebug (level 3, 0/16 HPs)
             Began as a Vine Stalker Fire Elementalist on June 10, 2021.
             Succumbed to an adder's poison
             ... on level 2 of the Dungeon.
             The game lasted 00:04:06 (1851 turns).

kodamatunes15 the Firebug (VSFE)                    Turns: 1851, Time: 00:04:07

Health: 0/16       AC:  2    Str: 11    XL:     3   Next: 87%
Magic:  2/7        EV: 12    Int: 15    God:
Gold:   92         SH:  0    Dex: 14    Spells: 6/7 levels left

rFire    . . .     SeeInvis .     - Unarmed
rCold    . . .     Faith    .   (no shield)
rNeg     . . .     Spirit   +   a - +0 robe
rPois    .         Reflect  .   (no helmet)
rElec    .         Harm     .   (no cloak)
rCorr    .         Rampage  .   (no gloves)
Will     .....                  (no boots)
Stlth    ++........             (no amulet)
HPRegen  0.05/turn              (no ring)
MPRegen  0.10/turn              (no ring)

@: lethally poisoned (0 -> -5)
A: fangs 2, magic shield, antimagic bite, no potion heal 3
a: no special abilities


You were on level 2 of the Dungeon.
You visited 1 branch of the dungeon, and saw 2 of its levels.

You collected 92 gold pieces.

Inventory:

Armour
 a - a +0 robe (worn)
 m - a +0 chain mail
 n - a +0 scale mail
Jewellery
 f - an uncursed ring of protection from cold
Scrolls
 b - a scroll of remove curse
 c - 2 scrolls of magic mapping
 d - a scroll of enchant weapon {unknown}
 e - 2 scrolls of immolation
 h - a scroll of enchant armour
 k - 2 scrolls of fear {unknown}
 l - a scroll of teleportation {unknown}
Potions
 g - a potion of curing
 i - a potion of might {unknown}
 j - a potion of lignification {unknown}


   Skills:
 + Level 0.2 Fighting
 + Level 2.1 Dodging
 + Level 2.5 Stealth
 + Level 1.4 Unarmed Combat
 + Level 2.5 Spellcasting
 + Level 1.0 Conjurations
 + Level 3.4 Fire Magic


You had 6 spell levels left.
You knew the following spells:

 Your Spells              Type           Power        Failure   Level
a - Foxfire               Conj/Fire      32%          9%          1

Your spell library contained the following spells:

 Spells                   Type           Power        Failure   Level
 Conjure Flame            Conj/Fire      8%           26%         3
 Inner Flame              Hex/Fire       7%           30%         3
 Sticky Flame             Conj/Fire      8%           63%         4
 Fireball                 Conj/Fire      4%           93%         5


Dungeon Overview and Level Annotations

Branches:
Dungeon (2/15)

Altars:


Innate Abilities, Weirdness & Mutations

You have extremely sharp teeth.
When hurt, damage is shared between your health and your magic reserves.
Your bite disrupts and absorbs the magic of your enemies.
Potions cannot restore your health.


Message History

You kill the adder!
The hobgoblin hits you but does no damage.
You barely miss the hobgoblin. Your bite misses the hobgoblin.
* * * LOW HITPOINT WARNING * * *
You feel sick. The hobgoblin hits you with a +0 club.
* * * LOW HITPOINT WARNING * * *
You hit the hobgoblin.
You bite the hobgoblin, but do no damage.
The hobgoblin is moderately wounded.
You hit the hobgoblin.
The hobgoblin is severely wounded.
* * * LOW HITPOINT WARNING * * *
You feel sick. The hobgoblin hits you with a +0 club.
* * * LOW HITPOINT WARNING * * *
You closely miss the hobgoblin. Your bite misses the hobgoblin.
The hobgoblin is severely wounded.
The hobgoblin barely misses you.
You hit the hobgoblin.
You kill the hobgoblin!
You die...

###### ########
##.....#. #......#
##.....[.. #......#
#......... #......#
####.@....... #......#
#....†.......
#......#####.##.).......
#)÷....##....##.........
#.÷.÷<.#.(######........
#..........######.......
.........#....# #######
###.###.......# #
#.....###..##


There were no monsters in sight!

Vanquished Creatures
  An adder (D:2)
  A dart slug (D:1)
  3 giant cockroaches (D:1)
  5 goblins
  5 hobgoblins
  4 jackals (D:1)
  3 kobolds (D:1)
  7 bats
  2 frilled lizards (D:1)
  6 rats
37 creatures vanquished.

Notes
Turn   | Place    | Note
-------+----------+-------------------------------------------
     0 | D:1      | kodamatunes15 the Vine Stalker Fire Elementalist began the
                  | quest for the Orb.
     0 | D:1      | Reached XP level 1. HP: 9/9 MP: 4/4
   349 | D:1      | Reached XP level 2. HP: 9/13 MP: 4/6
   810 | D:1      | Reached XP level 3. HP: 15/16 MP: 7/7
  1083 | D:1      | Reached skill level 1 in Unarmed Combat
  1851 | D:2      | Succumbed to an adder's poison

Illustrated notes

Levels and vault maps discovered:
D:1:      psy_arrival_dodecagon, layout_loops_ring
D:2:      layout_rooms, gammafunk_temple_overflow_arena,
          kennysheep_pointless_box

Skill      XL: |  1  2  3 |
---------------+----------+-----
Dodging        | 2 |  2.1
Unarmed Combat | 1 |  1.4
Fighting       | |  0.2
Stealth        | |  2.5
Spellcasting   | |  2.5
Conjurations   | |  1.0
Fire Magic     | |  3.4

Action                   || total
-------------------------++-------
Melee: Unarmed           ||   191
       Bite              ||    46
       Punch             ||     1
  Use: Scroll            ||     7
 Stab: Sleeping          ||     2
Armor: Robe              ||    42
Dodge: Dodged            ||   122
